 Dungeon Crawl Stone Soup version 0.28.0 (webtiles) character file.

Game seed: 1895244048788898031

11396 robertstho the Thaumaturge (level 11, -9/83 HPs)
             Began as a Gnoll Earth Elementalist on Feb 11, 2022.
             Was a Believer of Sif Muna.
             Mangled by a boulder beetle (21 damage)
             ... on level 11 of the Dungeon.
             The game lasted 00:23:26 (15036 turns).

robertstho the Thaumaturge (GnEE)                  Turns: 15036, Time: 00:23:26

Health: -9/83      AC: 10    Str:  7    XL:     11   Next: 77%
Magic:  3/23       EV: 16    Int: 18    God:    Sif Muna [**....]
Gold:   471        SH: 11    Dex: 17    Spells: 13/26 levels left

rFire   x . .      SeeInvis .   g - +6 long sword "Fetaesa" {freeze, rCorr Str+2}
rCold   + + .      Faith    .   F - +0 buckler
rNeg    . . .      Spirit   .   K - +2 robe {rC+}
rPois   .          Reflect  +   J - +1 helmet "Fas Tonk" {rElec Str-3 Dex+4 Slay+2}
rElec   +          Harm     .   (no cloak)
rCorr   +          Rampage  .   N - +1 pair of gloves
Will    .....                   u - +0 pair of boots {Stlth+}
Stlth   +++++.....              i - amulet of reflection
HPRegen 0.23/turn               s - ring of ice
MPRegen 0.18/turn               (no ring)

@: no status effects
A: fangs 1, strong nose, distributed training
a: Renounce Religion, Channel Magic


You were on level 11 of the Dungeon.
You worshipped Sif Muna.
Sif Muna was pleased with you.
You visited 2 branches of the dungeon, and saw 12 of its levels.

You collected 471 gold pieces.

Inventory:

Hand Weapons
 d - a +1 spear of flaming
 f - a +2 dagger of electrocution
 g - the +6 long sword "Fetaesa" (weapon) {freeze, rCorr Str+2}
   (You found it on level 11 of the Dungeon)

   It freezes those it strikes, dealing additional cold damage.
   It can also slow down cold-blooded creatures.
   Str:       It affects your strength (+2).
   rCorr:     It protects you from acid and corrosion.
 p - a +2 dagger of draining
 M - a +1 vampiric hand axe
Missiles
 c - 219 stones
 y - a throwing net
Armour
 j - a +0 kite shield
 u - a +0 pair of boots of stealth (worn)
 C - a +2 helmet
 F - a +0 buckler (worn)
 J - the +1 helmet "Fas Tonk" (worn) {rElec Str-3 Dex+4 Slay+2}
   (You found it on level 11 of the Dungeon)

   Str:       It affects your strength (-3).
   Dex:       It affects your dexterity (+4).
   Slay:      It affects your accuracy & damage with ranged weapons and melee
   (+2).
   rElec:     It insulates you from electricity.
 K - a +2 robe of cold resistance (worn)
 N - a +1 pair of gloves (worn)
Jewellery
 h - a ring of fire
 i - an amulet of reflection (around neck)
 o - an amulet of magic regeneration
 s - a ring of ice (left hand)
 D - an amulet of regeneration
Wands
 m - a wand of iceblast (6)
 t - a wand of paralysis (12)
 w - a wand of digging (1)
 B - a wand of flame (27)
 I - a wand of acid (6)
Scrolls
 a - 3 scrolls of vulnerability
 l - 3 scrolls of teleportation
 n - 4 scrolls of blinking
 r - 2 scrolls of enchant armour
 v - 2 scrolls of magic mapping
 H - 3 scrolls of fog {unknown}
Potions
 e - 3 potions of heal wounds
 k - a potion of resistance
 q - a potion of berserk rage {unknown}
 x - a potion of invisibility
 z - a potion of mutation {unknown}
 A - 2 potions of curing {unknown}
 E - a potion of might {unknown}
 G - a potion of haste {unknown}
 L - a potion of flight {unknown}


   Skills:
 + Level 6.6 Fighting
 + Level 6.6 Short Blades
 + Level 6.6 Long Blades
 + Level 6.6 Axes
 + Level 6.6 Maces & Flails
 + Level 6.6 Polearms
 + Level 6.6 Staves
 + Level 6.6 Slings
 + Level 6.6 Bows
 + Level 6.6 Crossbows
 + Level 6.6 Throwing
 + Level 6.6 Armour
 + Level 8.1 Dodging
 + Level 7.9 Stealth
 + Level 6.6 Shields
 + Level 6.6 Unarmed Combat
 + Level 8.4 Spellcasting
 + Level 5.4 Conjurations
 + Level 5.4 Hexes
 + Level 5.4 Summonings
 + Level 5.4 Necromancy
 + Level 5.4 Translocations
 + Level 5.9 Transmutations
 + Level 5.4 Fire Magic
 + Level 5.4 Ice Magic
 + Level 5.4 Air Magic
 + Level 7.8 Earth Magic
 + Level 5.4 Poison Magic
 + Level 7.2 Invocations
 + Level 6.6 Evocations


You had 13 spell levels left.
You knew the following spells:

 Your Spells              Type           Power      Damage    Failure   Level
a - Sandblast             Erth           70%        2d15      1%          1
b - Passwall              Tmut/Erth      26%        N/A       1%          2
c - Stone Arrow           Conj/Erth      62%        3d10      2%          3
d - Petrify               Tmut/Erth      32%        N/A       7%          4
e - Summon Guardian Gole  Hex/Summ       27%        N/A       3%          3

Your spell library contained the following spells:

 Spells                   Type           Power      Damage    Failure   Level
 Orb of Destruction       Conj           13%        9d7       100%        7
 Spellforged Servitor     Conj/Summ      13%        N/A       100%        7


Dungeon Overview and Level Annotations

Branches:
Dungeon (11/15)            Temple (1/1) D:4            Lair (0/6) D:11
    Orc (0/2) D:9

Altars:
Ashenzari
Elyvilon
Fedhas
Gozag
Hepliaklqana
Kikubaaqudgha
Makhleb
Okawaru
Qazlal
Ru
Sif Muna
Trog
Vehumet
Xom
The Shining One
Beogh
Lugonu

Shops:
D:4 =

Portals:
Abyss: D:10

Annotations:
D:3 3 runed translucent doors, crazypyro's ghost, amateur OgBe
D:7 2 transporters, pkoi's ghost, novice MiGl
D:8 3 runed translucent doors, AlmostDecent's ghost, novice GrFi
D:10 2 runed translucent doors


Innate Abilities, Weirdness & Mutations

You have very sharp teeth.
Your uncanny sense of smell can sniff out nearby items.
Your experience applies equally to all skills.


Message History

Unknown command.
The boulder beetle is engulfed in blazing flames.
The boulder beetle curls into a ball and begins rolling!
The boulder beetle is engulfed in blazing flames. x2
Casting: Summon Guardian Golem (mildly dangerous; 3% risk of failure)
Confirm with . or Enter, or press ? or * to list all spells.
Aiming: Stone Arrow (mildly dangerous; 2% risk of failure)
Press: ? - help, Shift-Dir - straight line, f/p - boulder beetle
Aim: a boulder beetle (heavily wounded, rolling, ally target, 100% to hit)
The stone arrow hits the boulder beetle but does no damage.
The boulder beetle is heavily wounded.
The boulder beetle hits you!!!
The boulder beetle stops rolling and uncurls.
Casting: Stone Arrow (mildly dangerous; 2% risk of failure)
Confirm with . or Enter, or press ? or * to list all spells.
Aiming: Stone Arrow (mildly dangerous; 2% risk of failure)
Press: ? - help, Shift-Dir - straight line, f/p - boulder beetle
Aim: a boulder beetle (heavily wounded, ally target, 100% to hit)
The stone arrow hits the boulder beetle!
The boulder beetle is severely wounded.
The boulder beetle bites you!
Unknown command.
Casting: Stone Arrow (mildly dangerous; 2% risk of failure)
Confirm with . or Enter, or press ? or * to list all spells.
Aiming: Stone Arrow (mildly dangerous; 2% risk of failure)
Press: ? - help, Shift-Dir - straight line, f/p - boulder beetle
Aim: a boulder beetle (severely wounded, ally target, 100% to hit)
The stone arrow hits the boulder beetle.
The boulder beetle is severely wounded.
The boulder beetle bites you!
* * * LOW HITPOINT WARNING * * *
Casting: Stone Arrow (mildly dangerous; 2% risk of failure)
Confirm with . or Enter, or press ? or * to list all spells.
Aiming: Stone Arrow (mildly dangerous; 2% risk of failure)
Press: ? - help, Shift-Dir - straight line, f/p - boulder beetle
Aim: a boulder beetle (severely wounded, ally target, 100% to hit)
The stone arrow hits the boulder beetle but does no damage.
The boulder beetle is severely wounded.
The boulder beetle bites you!!
You die...

...# #..# #........... <.)# ##.#
#........... #)## #.#
###..######* #..# #.# ###.....###
##'## #.# ###..........
....######'####### #.+..........
....##....^......# #.#..........
....##...........# *#.#..........
.....#..........@# *..#..........
................B###.##..........
..[.#........§§§9'...##..........
....##.......☼.§.######..........
....##.......○§☼.# #..........
....##...........# #..........
######...........# *##########
#############


You could see a boulder beetle (ally target) and a friendly guardian golem
(summoned).

Vanquished Creatures
  A hydra (D:11)
  Fannar (D:11)
  A catoblepas (D:9)
  2 two-headed ogres
  A cyclops (D:11)
  2 ice devils (D:11)
  A troll (D:10)
  Prince Ribbit (D:8)
  Sigmund (D:4)
  A vampire (D:11)
  A shadow (D:11)
  A wyvern (D:9)
  12 yaks
  A human (shapeshifter) (D:8)
  Eustachio (D:5)
  2 wargs (D:11)
  An acid dragon (D:11)
  2 ice beasts (D:7)
  3 water moccasins
  8 orc warriors
  A sky beast (D:5)
  2 ogres
  4 centaurs
  A bullfrog (D:9)
  2 kobold brigands
  A water moccasin skeleton (D:7)
  5 killer bees (D:9)
  3 wights (D:8)
  A howler monkey (D:9)
  3 jellies
  5 centaur zombies
  A hound (D:5)
  10 orc priests
  3 bullfrog skeletons
  3 centaur skeletons
  2 iguanas
  7 orc wizards
  3 gnolls (D:2)
  6 adders
  A white imp (D:5)
  2 ufetubi
  An adder skeleton (D:5)
  A worm (D:2)
  2 dart slugs (D:5)
  31 orcs
  5 bats
  7 endoplasms
  2 giant cockroaches
  10 goblins
  13 hobgoblins
  2 quokkas
  8 ball pythons
  2 frilled lizards
  14 kobolds
  6 rats
214 creatures vanquished.

Vanquished Creatures (others)
  2 fungi (D:8)
  2 plants (D:8)
4 creatures vanquished.

Grand Total: 218 creatures vanquished

Notes
Turn   | Place    | Note
-------+----------+-------------------------------------------
     0 | D:1      | robertstho the Gnoll Earth Elementalist began the quest for
                  | the Orb.
     0 | D:1      | Reached XP level 1. HP: 13/13 MP: 6/6
   334 | D:1      | Reached XP level 2. HP: 19/19 MP: 7/7
   434 | D:1      | Found a faded altar of an unknown god.
  1007 | D:2      | Reached skill level 5 in Spellcasting
  1007 | D:2      | Reached XP level 3. HP: 25/25 MP: 5/9
  1050 | D:2      | Reached skill level 1 in Invocations
  1054 | D:2      | Reached skill level 1 in Fighting
  1054 | D:2      | Reached skill level 1 in Short Blades
  1054 | D:2      | Reached skill level 1 in Long Blades
  1054 | D:2      | Reached skill level 1 in Axes
  1054 | D:2      | Reached skill level 1 in Maces & Flails
  1054 | D:2      | Reached skill level 1 in Polearms
  1054 | D:2      | Reached skill level 1 in Staves
  1054 | D:2      | Reached skill level 1 in Slings
  1054 | D:2      | Reached skill level 1 in Bows
  1054 | D:2      | Reached skill level 1 in Crossbows
  1054 | D:2      | Reached skill level 1 in Throwing
  1054 | D:2      | Reached skill level 1 in Armour
  1054 | D:2      | Reached skill level 1 in Shields
  1054 | D:2      | Reached skill level 1 in Unarmed Combat
  1054 | D:2      | Reached skill level 1 in Evocations
  1054 | D:2      | Reached XP level 4. HP: 23/32 MP: 1/11
  1358 | D:2      | Learned a level 2 spell: Passwall
  1362 | D:2      | Learned a level 3 spell: Stone Arrow
  1367 | D:2      | Learned a level 4 spell: Petrify
  2676 | D:3      | Reached skill level 1 in Conjurations
  2676 | D:3      | Reached skill level 1 in Hexes
  2676 | D:3      | Reached skill level 1 in Summonings
  2676 | D:3      | Reached skill level 1 in Necromancy
  2676 | D:3      | Reached skill level 1 in Translocations
  2676 | D:3      | Reached skill level 1 in Fire Magic
  2676 | D:3      | Reached skill level 1 in Ice Magic
  2676 | D:3      | Reached skill level 1 in Air Magic
  2676 | D:3      | Reached skill level 1 in Poison Magic
  3122 | D:3      | Noticed an ogre
  3126 | D:3      | Killed an ogre
  3127 | D:3      | Reached XP level 5. HP: 37/37 MP: 8/12
  3179 | D:3      | Found a runed translucent gate.
  3181 | D:3      | Found a runed translucent gate.
  3181 | D:3      | Found a runed translucent gate.
  3185 | D:3      | Noticed crazypyro's ghost (amateur OgBe)
  3479 | D:4      | Reached XP level 6. HP: 20/44 MP: 10/13
  3661 | D:4      | Noticed Sigmund
  3667 | D:4      | Killed Sigmund
  3668 | D:4      | Reached skill level 5 in Dodging
  3779 | D:4      | Noticed a water moccasin
  3786 | D:4      | Killed a water moccasin
  3787 | D:4      | Reached XP level 7. HP: 51/51 MP: 4/15
  3862 | D:4      | Found a staircase to the Ecumenical Temple.
  3877 | Temple   | Entered the Ecumenical Temple
  3955 | Temple   | Became a worshipper of Sif Muna the Loreminder
  4175 | D:4      | Found Doastrer's Jewellery Shop.
  4672 | D:5      | Entered Level 5 of the Dungeon
  4815 | D:5      | Reached skill level 5 in Stealth
  5364 | D:5      | Reached XP level 8. HP: 28/57 MP: 2/16
  5586 | D:5      | Noticed Eustachio
  5591 | D:5      | Killed Eustachio
  6976 | D:7      | Found a transporter.
  7052 | D:7      | Reached * piety under Sif Muna
  7053 | D:7      | Reached XP level 9. HP: 11/65 MP: 9/18
  7345 | D:7      | Noticed pkoi's ghost (novice MiGl)
  7351 | D:7      | Found a transporter.
  7404 | D:7      | Noticed a two-headed ogre
  7411 | D:7      | Killed a two-headed ogre
  7649 | D:7      | Noticed a two-headed ogre
  7679 | D:7      | Noticed a moth of wrath
  7872 | D:7      | Found a bloodstained altar of Trog.
  8232 | D:7      | Reached skill level 5 in Invocations
  8567 | D:8      | Noticed a yaktaur
  8794 | D:8      | Noticed Prince Ribbit
  8800 | D:8      | Killed Prince Ribbit
  8801 | D:8      | Reached XP level 10. HP: 73/73 MP: 10/20
  9019 | D:8      | Found a runed translucent gate.
  9019 | D:8      | Found a runed translucent gate.
  9019 | D:8      | Found a runed translucent gate.
  9019 | D:8      | Noticed a kobold demonologist
  9022 | D:8      | Noticed AlmostDecent's ghost (novice GrFi)
  9583 | D:8      | Reached skill level 5 in Fighting
  9583 | D:8      | Reached skill level 5 in Short Blades
  9583 | D:8      | Reached skill level 5 in Long Blades
  9583 | D:8      | Reached skill level 5 in Axes
  9583 | D:8      | Reached skill level 5 in Maces & Flails
  9583 | D:8      | Reached skill level 5 in Polearms
  9583 | D:8      | Reached skill level 5 in Staves
  9583 | D:8      | Reached skill level 5 in Slings
  9583 | D:8      | Reached skill level 5 in Bows
  9583 | D:8      | Reached skill level 5 in Crossbows
  9583 | D:8      | Reached skill level 5 in Throwing
  9583 | D:8      | Reached skill level 5 in Armour
  9583 | D:8      | Reached skill level 5 in Shields
  9583 | D:8      | Reached skill level 5 in Unarmed Combat
  9583 | D:8      | Reached skill level 5 in Evocations
 10213 | D:9      | Found a staircase to the Orcish Mines.
 11486 | D:9      | Noticed a catoblepas
 11497 | D:9      | Killed a catoblepas
 11498 | D:9      | Reached skill level 5 in Transmutations
 11944 | D:10     | Entered Level 10 of the Dungeon
 12110 | D:10     | Found a large runed translucent door.
 12111 | D:10     | Found a large runed translucent door.
 12227 | D:10     | Reached ** piety under Sif Muna
 12471 | D:10     | Noticed a kobold demonologist
 12472 | D:10     | Noticed a cyan ugly thing
 12473 | D:10     | Found a one-way gate to the infinite horrors of the Abyss.
 12473 | D:10     | Identified the +7 dagger of the Valley {distort, +Blink
                  | rElec Str+3}
 12473 | D:10     | Noticed a kobold demonologist
 12531 | D:10     | Found a corrupted altar of Lugonu.
 12584 | D:10     | Reached XP level 11. HP: 54/81 MP: 0/22
 12769 | D:10     | Found an ancient bone altar of Kikubaaqudgha.
 13178 | D:10     | Reached skill level 5 in Conjurations
 13178 | D:10     | Reached skill level 5 in Hexes
 13178 | D:10     | Reached skill level 5 in Summonings
 13178 | D:10     | Reached skill level 5 in Necromancy
 13178 | D:10     | Reached skill level 5 in Translocations
 13178 | D:10     | Reached skill level 5 in Fire Magic
 13178 | D:10     | Reached skill level 5 in Ice Magic
 13178 | D:10     | Reached skill level 5 in Air Magic
 13178 | D:10     | Reached skill level 5 in Poison Magic
 13372 | D:11     | Found a staircase to the Lair.
 13690 | D:11     | Noticed an eight-headed hydra
 13697 | D:11     | Killed an eight-headed hydra
 13840 | D:11     | Found a white marble altar of Elyvilon.
 13963 | D:11     | Identified the +6 long sword "Fetaesa" {freeze, rCorr
                  | Str+2}
 13981 | D:11     | Identified the +1 helmet "Fas Tonk" {rElec Str-3 Dex+4
                  | Slay+2}
 13997 | D:11     | Noticed a boulder beetle
 14016 | D:11     | Noticed Fannar
 14053 | D:11     | Killed Fannar
 14585 | D:11     | Noticed a two-headed ogre
 14586 | D:11     | Noticed a cyclops
 14599 | D:11     | Killed a two-headed ogre
 14661 | D:11     | Killed a cyclops
 14997 | D:11     | Learned a level 3 spell: Summon Guardian Golem
 15036 | D:11     | Mangled by a boulder beetle

Illustrated notes

Levels and vault maps discovered:
D:1:      shiori_arrival_oz, layout_basic, ebering_ecumenical_altar_sacrificial,
          minmay_misc_feat_cross
D:2:      layout_basic
D:3:      layout_loops_corners, gammafunk_ghost_necromancy
D:4:      layout_loops_ring, minmay_temple_entry_gardened_gates, serial_shops,
          nicolae_shop_waterfront, minmay_goblin_outpost, uniq_sigmund
D:5:      layout_basic, uniq_eustachio
D:6:      layout_basic
D:7:      layout_loops_ring, gammafunk_ghost_wrathful_warriors
D:8:      layout_basic, gammafunk_ghost_nasty_kobolds, uniq_prince_ribbit1
D:9:      layout_stronghold, minmay_orc_entry_temple_small, eino_curves_02,
          minivault_26, blue_anna_alchemist
D:10:     due_chaos_kobolds, layout_basic, kiku_gazebo_pond_becter
D:11:     layout_roguey, erik_lair_orcish_takeover,
          portal_ice_cave_demonic_guard, elyvilon_altar_1, uniq_fannar
Temple:   mainiacjoe_temple_archimedes_tessellation

Skill      XL: |  1  2  3  4  5  6  7  8  9 10 11 |
---------------+----------------------------------+-----
Transmutations | 2 3 4 5 |  5.9
Spellcasting   | 5 6 7 8 |  8.4
Invocations    | 1 2 3 4 5 6 7 |  7.2
Fighting       | 1 2 3 4 5 6 |  6.6
Short Blades   | 1 2 3 4 5 6 |  6.6
Long Blades    | 1 2 3 4 5 6 |  6.6
Axes           | 1 2 3 4 5 6 |  6.6
Maces & Flails | 1 2 3 4 5 6 |  6.6
Polearms       | 1 2 3 4 5 6 |  6.6
Staves         | 1 2 3 4 5 6 |  6.6
Slings         | 1 2 3 4 5 6 |  6.6
Bows           | 1 2 3 4 5 6 |  6.6
Crossbows      | 1 2 3 4 5 6 |  6.6
Throwing       | 1 2 3 4 5 6 |  6.6
Armour         | 1 2 3 4 5 6 |  6.6
Shields        | 1 2 3 4 5 6 |  6.6
Unarmed Combat | 1 2 3 4 5 6 |  6.6
Evocations     | 1 2 3 4 5 6 |  6.6
Conjurations   | 1 2 3 4 5 |  5.4
Hexes          | 1 2 3 4 5 |  5.4
Summonings     | 1 2 3 4 5 |  5.4
Necromancy     | 1 2 3 4 5 |  5.4
Translocations | 1 2 3 4 5 |  5.4
Fire Magic     | 1 2 3 4 5 |  5.4
Ice Magic      | 1 2 3 4 5 |  5.4
Air Magic      | 1 2 3 4 5 |  5.4
Poison Magic   | 1 2 3 4 5 |  5.4
Dodging        | 5 6 7 8 |  8.1
Stealth        | 5 6 7 |  7.9
Earth Magic    | 6 7 |  7.8

Action                   |  1- 3 |  4- 6 |  7- 9 | 10-12 || total
-------------------------+-------+-------+-------+-------++-------
Melee: Whip              |    11 |       |       |       ||    11
       Dagger            |    31 |    47 |   109 |    61 ||   248
       Bite              |     3 |     8 |    12 |    11 ||    34
       Rapier            |    12 |       |       |       ||    12
       Spear             |       |    40 |       |       ||    40
       Punch             |       |       |     1 |       ||     1
       Long sword        |       |       |       |    16 ||    16
 Cast: Sandblast         |    17 |    16 |    40 |    48 ||   121
       Stone Arrow       |       |     7 |    39 |   158 ||   204
       Summon Guardian G |       |       |       |     5 ||     5
Evoke: Wand              |       |       |     1 |     7 ||     8
  Use: Scroll            |       |     5 |     3 |     3 ||    11
 Stab: Sleeping          |     3 |    12 |    14 |     2 ||    31
Armor: Robe              |    10 |     8 |    23 |    33 ||    74
Dodge: Dodged            |    65 |    60 |    85 |    87 ||   297
Block: Other             |       |       |    23 |     2 ||    25
       Reflection        |       |       |     2 |       ||     2
       Buckler           |       |       |       |    65 ||    65
